 Dungeon Crawl Stone Soup version 0.25-a0-566-g062765b (webtiles) character file.

Game seed: 14707681130026467885, levelgen mode: deterministic

16 15 the Caller (level 2, 0/19 HPs)
             Began as a Barachi Summoner on Feb 28, 2020.
             Slain by a hobgoblin
             ... wielding a +0 club
              (2 damage)
             ... on level 1 of the Dungeon.
             The game lasted 00:01:43 (504 turns).

15 the Caller (Barachi Summoner)                     Turns: 504, Time: 00:01:44

Health: 0/19       AC:  2    Str:  9    XL:     2   Next: 54%
Magic:  1/5        EV: 12    Int: 15    God:
Gold:   0          SH:  0    Dex: 12    Spells: 3/6 levels left

rFire    . . .     SeeInvis .   d - +0 short sword
rCold    . . .     Gourm    .   (no shield)
rNeg     . . .     Faith    .   a - +0 robe
rPois    .         Spirit   .   (no helmet)
rElec    .         Reflect  .   (no cloak)
rCorr    .         Harm     .   (no gloves)
MR       .....                  (no boots)
Stlth    ++........             (no amulet)
HPRegen  0.06/turn              (no ring)
MPRegen  0.09/turn              (no ring)

@: brilliant, slow
A: +LOS, swims, slowness 1, strong legs 1
a: Hop


You were on level 1 of the Dungeon.
You were not hungry.

You visited 1 branch of the dungeon, and saw 1 of its levels.

Inventory:

Hand Weapons
 d - a +0 short sword (weapon)
Armour
 a - a +0 robe (worn)
Scrolls
 b - a scroll of remove curse {unknown}
 g - 2 scrolls of amnesia {unknown}
Comestibles
 c - a ration
 f - 5 chunks of flesh


   Skills:
 + Level 2.2 Dodging
 + Level 1.9 Stealth
 + Level 0.3 Unarmed Combat
 + Level 2.5 Spellcasting
 + Level 5.2 Summonings


You had 3 spell levels left.
You knew the following spells:

 Your Spells              Type           Power        Failure   Level  Hunger
a - Summon Small Mammal   Summ           ####         2%          1    None
b - Call Imp              Summ           ####....     3%          2    None

Your spell library contained the following spells:

 Spells                   Type           Power        Failure   Level  Hunger
 Call Canine Familiar     Summ           ####....     8%          3    None
 Summon Guardian Golem    Hex/Summ       ##......     22%         3    None
 Summon Ice Beast         Ice/Summ       ##......     56%         4    None
 Summon Lightning Spire   Summ/Air       ##......     56%         4    None


Dungeon Overview and Level Annotations

Branches:
Dungeon (1/15)

Altars:


Innate Abilities, Weirdness & Mutations

You can be seen from farther away. (+LOS)
You can swim through water.
You cover ground slowly.
You can hop short distances.


Message History

It was a potion of brilliance.
You feel clever all of a sudden. The goblin barely misses you.
The hobgoblin barely misses you.
You hit the goblin.
You kill the goblin!
The hobgoblin misses you.
Your crimson imp completely misses the hobgoblin.
Casting: Call Imp (safe; 3% risk of failure)
Confirm with . or Enter, or press ? or * to list all spells.
Okay, then.
You hit the kobold.
You kill the kobold!
Your crimson imp closely misses the hobgoblin.
The hobgoblin hits you with a +0 club.
* * * LOW HITPOINT WARNING * * *
You barely miss the hobgoblin.
The hobgoblin is moderately wounded.
Your crimson imp hits the hobgoblin but does no damage.
The hobgoblin hits you with a +0 club.
You die...

##..## #..##..##..
# #...##.......#.#
#..#...# #%#
######....# ##.#
#....).÷..#..##..##
#.######..#.......#
..# ##.##..##÷5#
#.# #..####.5g# #.#
##......@.# ≈.#
##....)..# ..#
#.#.....# ..#
#..#.....# .##
....#.....# .#
#....#.....# .#
#....#.....#
..####.....# #.#
#.....#


You could see a hobgoblin and 2 friendly crimson imps.

Vanquished Creatures
  A goblin (D:1)
  A hobgoblin (D:1)
  2 bats (D:1)
  A kobold (D:1)
5 creatures vanquished.

Vanquished Creatures (collateral kills)
  A dart slug (D:1)
  2 goblins (D:1)
  2 hobgoblins (D:1)
  2 frilled lizards (D:1)
  4 kobolds (D:1)
  A rat (D:1)
12 creatures vanquished.

Grand Total: 17 creatures vanquished

Notes
Turn   | Place    | Note
-------+----------+-------------------------------------------
     0 | D:1      | 15 the Barachi Summoner began the quest for the Orb.
     0 | D:1      | Reached XP level 1. HP: 13/13 MP: 3/3
    50 | D:1      | Reached skill level 5 in Summonings
   132 | D:1      | Reached XP level 2. HP: 9/19 MP: 3/5
   489 | D:1      | Learned a level 2 spell: Call Imp
   504 | D:1      | Slain by a hobgoblin

Levels and vault maps discovered:
D:1:      psy_arrival_radial02, layout_rooms, minmay_close_crescents

Skill      XL: |  1 |
---------------+----+-----
Summonings     | 5 |  5.2
Dodging        | |  2.2
Stealth        | |  1.9
Unarmed Combat | |  0.3
Spellcasting   | |  2.5

Action                   || total
-------------------------++-------
Melee: Short sword       ||    32
       Unarmed           ||     6
 Cast: Summon Small Mamm ||    16
       Call Imp          ||     2
  Use: Potion            ||     1
Armor: Robe              ||    10
Dodge: Dodged            ||    24

Table legend:
 A = Non-vault XP
 B = Vault XP
 C = Vault XP percentage of total XP
 D = Non-vault monster count
 E = Vault monster count
 F = Vault count percentage of total count
                 A         B        C        D         E       F
            +---------+---------+-------+---------+---------+-------
      Total |      14 |       9 |  39.1 |      11 |       6 |  35.3
            +---------+---------+-------+---------+---------+-------
        D:1 |      14 |       9 |  39.1 |      11 |       6 |  35.3
            +---------+---------+-------+---------+---------+-------
